 Dungeon Crawl Stone Soup version 0.28.0 (webtiles) character file.

Game seed: 9363008662941966587

1395 Dirian the Carver (level 8, -1/109 HPs)
             Began as a Minotaur Fighter on Feb 11, 2022.
             Was an Initiate of Makhleb.
             Slain by a yak (5 damage)
             ... on level 6 of the Dungeon.
             The game lasted 00:08:34 (3064 turns).

Dirian the Carver (Minotaur Fighter)                Turns: 3064, Time: 00:08:35

Health: -1/109     AC:  7    Str: 21    XL:     8   Next: 41%
Magic:  7/7        EV: 10    Int:  5    God:    Makhleb [......]
Gold:   243        SH:  6    Dex: 18    Spells: 7/7 levels left

rFire   . . .      SeeInvis .   a - +1 long sword
rCold   . . .      Faith    .   c - +0 buckler
rNeg    . . .      Spirit   .   b - +0 scale mail
rPois   .          Reflect  .   (helmet restricted)
rElec   .          Harm     .   (no cloak)
rCorr   .          Rampage  .   (no gloves)
Will    .....                   (no boots)
Stlth   ..........              e - amulet of regeneration
HPRegen 1.08/turn               l - +6 ring of dexterity
MPRegen 0.10/turn               (no ring)

@: berserking, very quick
A: horns 2, retaliatory headbutt
a: Renounce Religion


You were on level 6 of the Dungeon.
You worshipped Makhleb.
Makhleb was noncommittal.
You visited 1 branch of the dungeon, and saw 6 of its levels.

You collected 363 gold pieces.
You spent 120 gold pieces at shops.

Inventory:

Hand Weapons
 a - a +1 long sword (weapon)
Missiles
 h - 2 throwing nets (quivered)
Armour
 b - a +0 scale mail (worn)
 c - a +0 buckler (worn)
Jewellery
 e - an amulet of regeneration (around neck)
 l - a +6 ring of dexterity (left hand)
Wands
 f - a wand of iceblast (2)
Scrolls
 t - a scroll of teleportation
Potions
 d - a potion of might
 g - 2 potions of magic
 k - a potion of ambrosia
 m - 3 potions of flight
 n - a potion of degeneration {unknown}
 p - a potion of berserk rage
 q - 2 potions of curing
 w - a potion of heal wounds


   Skills:
 + Level 7.4 Fighting
 * Level 9.6 Long Blades
 - Level 5.0 Armour
 - Level 1.0 Dodging
 - Level 5.0 Shields


You had 7 spell levels left.
You didn't know any spells.
Your spell library contained the following spells:

 Spells                   Type           Power      Damage    Failure   Level
 Sting                    Tmut/Pois      0%         1d3       87%         1
 Poisonous Vapours        Pois/Air       0%         N/A       95%         2
 Sublimation of Blood     Necr           0%         N/A       95%         2
 Wereblood                Tmut           0%         N/A       95%         2
 Tukima's Dance           Hex            0%         N/A       99%         3
 Olgreb's Toxic Radiance  Pois           0%         N/A       100%        4
 Passage of Golubria      Tloc           0%         N/A       100%        4
 Yara's Violent Unravell  Hex/Tmut       0%         3d3       100%        5
 Summon Hydra             Summ           0%         N/A       100%        7


Dungeon Overview and Level Annotations

Branches:
Dungeon (6/15)
 Temple: D:4-7

Altars:
Gozag
Makhleb
Okawaru
Qazlal

Shops:
D:1 =   D:3 *[:![


Innate Abilities, Weirdness & Mutations

You have a pair of horns on your head.
You reflexively headbutt those who attack you in melee.


Message History

The scorpion is lightly wounded.
The yak gores you. The scorpion barely misses you. You furiously retaliate!
You headbutt the scorpion, but do no damage.
The yak gores you.
You slash the scorpion! Your headbutt misses the scorpion.
The scorpion is severely wounded.
The yak closely misses you. The scorpion barely misses you.
You furiously retaliate!
You headbutt the scorpion!
You kill the scorpion!
Makhleb accepts your kill. The yak barely misses you. You furiously retaliate!
You headbutt the yak. You hit the yak but do no damage.
Your headbutt misses the yak.
The yak is moderately wounded.
The yak gores you but does no damage.
You hit the yak. You headbutt the yak, but do no damage.
The yak is moderately wounded.
The yak gores you but does no damage.
You barely miss the yak.
The yak is moderately wounded.
The yak gores you! The yak gores you but does no damage.
You hit the yak but do no damage.
The yak is moderately wounded.
The yak completely misses you. The yak gores you.
You hit the yak but do no damage.
The yak is moderately wounded.
The yak barely misses you.
You hit the yak. You headbutt the yak, but do no damage.
The yak is lightly wounded.
The yak gores you!
* * * LOW HITPOINT WARNING * * *
The yak gores you!
* * * LOW HITPOINT WARNING * * *
A red film seems to cover your vision as you go berserk!
You feel yourself moving faster!
You feel mighty! The yak barely misses you. The yak gores you!
* * * LOW HITPOINT WARNING * * *
You barely miss the yak.
The yak is lightly wounded.
The yak gores you.
You die...

#.Y...# #.s...#
#Y....# # #.....# #.
##.....###.#####
........>.....#
#####.....###......
#.@YY...........^.#
####Y##...##########<#
#....................#
#....##..≈≈≈≈≈≈≈.#....
#.... ##...........###
#....###.≈.≈≈≈.≈(....#
#........≈.....≈...#.#
#....##..≈.._..≈.###.#
##.≈.....≈.....#


You could see 3 yaks.

Vanquished Creatures
  A yak (D:6)
  A water moccasin (D:4)
  A sky beast (D:5)
  An ice beast (D:4)
  A necrophage (D:6)
  An ogre (D:6)
  A phantom (D:5)
  4 scorpions
  A water moccasin zombie (D:5)
  A jelly (D:5)
  Jessica (D:2)
  3 iguanas (D:5)
  An orc wizard (D:5)
  A hound zombie (D:5)
  A hound skeleton (D:4)
  A howler monkey zombie (D:5)
  10 gnolls
  5 adders
  An adder skeleton (D:4)
  A worm (D:4)
  3 dart slugs
  6 orcs
  12 ball pythons
  9 endoplasms
  3 giant cockroaches
  4 goblins
  7 hobgoblins
  5 jackals
  A quokka (D:2)
  3 bats
  3 frilled lizards
  8 kobolds
  5 rats
107 creatures vanquished.

Notes
Turn   | Place    | Note
-------+----------+-------------------------------------------
     0 | D:1      | Dirian the Minotaur Fighter began the quest for the Orb.
     0 | D:1      | Reached XP level 1. HP: 19/19 MP: 0/0
   119 | D:1      | Found Ifremad's Jewellery Boutique.
   179 | D:1      | Reached XP level 2. HP: 27/27 MP: 1/1
   619 | D:1      | Reached skill level 3 in Long Blades
   621 | D:1      | Reached XP level 3. HP: 25/33 MP: 2/2
   634 | D:2      | Noticed Jessica
   635 | D:2      | Reached skill level 1 in Dodging
   683 | D:2      | Killed Jessica
   684 | D:2      | Reached XP level 4. HP: 39/40 MP: 3/3
  1163 | D:3      | Reached skill level 4 in Long Blades
  1166 | D:3      | Reached skill level 5 in Shields
  1169 | D:3      | Reached XP level 5. HP: 18/46 MP: 4/4
  1239 | D:3      | Found Xoxkogoy's Armour Boutique.
  1252 | D:3      | Found Uwutosud's Book Emporium.
  1278 | D:3      | Found Isis's Distillery.
  1285 | D:3      | Bought a potion of heal wounds for 60 gold pieces
  1285 | D:3      | Bought a potion of berserk rage for 60 gold pieces
  1306 | D:3      | Found Kaul's Armour Shop.
  1359 | D:3      | Identified the +11 hand axe of Moynoel {drain, Int+4}
  1496 | D:3      | Found an opulent altar of Gozag.
  1499 | D:3      | Found Gozag's Platinum Reserve.
  1885 | D:4      | Noticed a water moccasin
  1899 | D:5      | Entered Level 5 of the Dungeon
  1908 | D:5      | Reached skill level 5 in Long Blades
  1940 | D:5      | Found a stormy altar of Qazlal.
  1974 | D:5      | Noticed a sky beast
  1983 | D:5      | Killed a sky beast
  1984 | D:5      | Reached XP level 6. HP: 35/55 MP: 5/5
  2037 | D:5      | Reached skill level 5 in Fighting
  2071 | D:5      | Reached skill level 5 in Armour
  2084 | D:5      | Reached skill level 6 in Long Blades
  2151 | D:5      | Reached XP level 7. HP: 57/61 MP: 6/6
  2212 | D:5      | Reached skill level 7 in Long Blades
  2583 | D:4      | Reached skill level 8 in Long Blades
  2912 | D:4      | Reached XP level 8. HP: 71/71 MP: 7/7
  2954 | D:6      | Found an iron altar of Okawaru.
  3005 | D:6      | Found a burning altar of Makhleb.
  3022 | D:6      | Reached skill level 9 in Long Blades
  3031 | D:6      | Became a worshipper of Makhleb the Destroyer
  3063 | D:6      | HP: 4/109 [yak (8)]
  3064 | D:6      | Slain by a yak

Illustrated notes

Levels and vault maps discovered:
D:1:      roderic_crossed_star, layout_basic, serial_shops,
          nicolae_shop_advertising_works [nicolae_subvault_shop_adworks],
          minmay_tetromino_l2
D:2:      layout_rooms, serial_curves, eino_curves_01, eino_curves_02,
          minmay_ruptured, uniq_jessica
D:3:      layout_loops_ring, nicolae_gozag_zags_fifth_avenue, serial_shops,
          shop, nicolae_diamond_shop, shop, shop
D:4:      layout_rooms, kennysheep_generic_room_14
D:5:      layout_cave_pools, amcnicky_altar_gilded
D:6:      layout_basic, general_overflow_altar, nicolae_overflow_crystal_walls,
          mainiacjoe_overflow_cross_hatched, uniq_menkaure

Skill      XL: |  1  2  3  4  5  6  7  8 |
---------------+-------------------------+-----
Shields        | 4 5 |  5.0
Long Blades    | 3 4 5 6 8 9 |  9.6
Dodging        | 1 |  1.0
Fighting       | 4 5 6 7 |  7.4
Armour         | 4 5 |  5.0

Action                   |  1- 3 |  4- 6 |  7- 9 || total
-------------------------+-------+-------+-------++-------
Melee: Long sword        |    32 |   149 |    88 ||   269
       Headbutt          |     9 |    25 |    20 ||    54
  Use: Scroll            |       |     7 |     4 ||    11
       Potion            |       |       |     1 ||     1
Armor: Scale mail        |    17 |    68 |    27 ||   112
Dodge: Dodged            |    24 |    58 |    45 ||   127
Block: Buckler           |    11 |    33 |    23 ||    67
